 Dungeon Crawl Stone Soup version 0.30.0-29-ga12c61a403 (webtiles) character file.

Game seed: 10974223431871895916

97504 LustLizard the Stormcaller (level 15, -5/91 HPs)
             Began as a Deep Elf Air Elementalist on June 23, 2023.
             Was a High Priest of Vehumet.
             Succumbed to poison (dark miasma)
             ... in a Gauntlet.
             The game lasted 01:10:04 (39233 turns).

LustLizard the Stormcaller (DEAE)                  Turns: 39233, Time: 01:10:05

Health: -5/91      AC: 14    Str:  9    XL:     15   Next: 72%
Magic:  21/44      EV: 40    Int: 24    God:    Vehumet [*****.]
Gold:   473        SH:  0    Dex: 24    Spells: 9/43 levels left

rFire   . . .        x - staff of air
rCold   + . .        (no shield)
rNeg    . . .        m - +2 robe {rC+}
rPois   .            (no helmet)
rElec   +            s - +2 cloak
rCorr   .            g - +2 pair of gloves
SInv    .            (no boots)
Will    +....        N - amulet of Qoom {Acrobat Regen+ Dex+4}
Stlth   ++++         U - ring of Nicos {AC+4 Dex+5 Stlth+}
HPRegen 1.15/turn    V - ring of Soalis {MP+9 EV+5}
MPRegen 0.29/turn

%: no teleportation, acrobat
@: lethally poisoned (-5 -> -55), acrobatic, slowed, studying Shields, very slow
A: no striking features
a: Renounce Religion


You were in a Gauntlet.
You worshipped Vehumet.
Vehumet was extremely pleased with you.
You visited 4 branches of the dungeon, and saw 23 of its levels.
You also visited: Bailey and Gauntlet.

You collected 2664 gold pieces.
You spent 2191 gold pieces at shops.

Inventory:

Hand Weapons
 L - the +7 great mace "Firestarter" {flame, immolate, rFlCloud rF++}
   (You found it in a Gauntlet)

   rFlCloud:  It grants immunity to clouds of flame.
   rF:        It greatly protects you from fire.
Armour
 g - a +2 pair of gloves (worn)
 m - a +2 robe of cold resistance (worn)
 q - a scarf of resistance
 s - a +2 cloak (worn)
Magical Staves
 x - a staff of air (weapon)
Jewellery
 j - a ring of willpower
 n - a ring of wizardry
 v - a ring of fire
 A - a +5 ring of evasion
 E - a ring of resist corrosion
 N - the amulet of Qoom (around neck) {Acrobat Regen+ Dex+4}
   (You bought it in a shop on level 2 of the Dungeon)

   [amulet of the acrobat]

   It increases your evasion while moving and waiting.
   Dex:       It affects your dexterity (+4).
   Regen:     It increases your rate of health regeneration.
 Q - a ring of see invisible
 R - a ring of poison resistance
 U - the ring of Nicos (left hand) {AC+4 Dex+5 Stlth+}
   (You bought it in a shop on level 2 of the Orcish Mines)

   [ring of protection]

   AC:        It affects your AC (+4).
   Dex:       It affects your dexterity (+5).
   Stlth:     It makes you more stealthy.
 V - the ring of Soalis (right hand) {MP+9 EV+5}
   (You bought it in a shop on level 2 of the Orcish Mines)

   [ring of evasion]

   EV:        It affects your evasion (+5).
   MP:        It affects your magic capacity (+9).
 W - a ring of magical power
 Y - a ring of ice
 Z - a ring of willpower
Wands
 t - a wand of flame (57)
 y - a wand of iceblast (19)
 C - a wand of mindburst (15)
 D - a wand of acid (14)
 F - a wand of paralysis (21)
 M - a wand of digging (5)
Scrolls
 a - 2 scrolls of brand weapon
 c - 2 scrolls of poison {unknown}
 f - 3 scrolls of immolation
 h - 12 scrolls of teleportation
 i - 8 scrolls of enchant armour
 l - a scroll of magic mapping
 p - a scroll of fear
 w - 3 scrolls of blinking
 z - 2 scrolls of fog
 B - 8 scrolls of enchant weapon
 S - a scroll of amnesia {unknown}
 T - a scroll of butterflies
Potions
 b - 3 potions of magic
 d - 6 potions of curing
 e - a potion of resistance
 k - 6 potions of haste
 o - 7 potions of might
 r - 7 potions of mutation
 G - 2 potions of lignification
 H - 2 potions of cancellation
 I - a potion of invisibility
 J - 2 potions of brilliance
 K - 4 potions of heal wounds
 O - 5 potions of flight
 P - 2 potions of ambrosia
Miscellaneous
 u - a phantom mirror
 X - a phial of floods


   Skills:
 + Level 9.6 Fighting
 + Level 3.3 Staves
 + Level 9.7 Dodging
 - Level 5.0 Stealth
 * Level 2.3 Shields
 + Level 14.7 Spellcasting
 - Level 9.9 Conjurations
 * Level 11.1 Fire Magic
 + Level 15.4 Air Magic
 - Level 6.1 Poison Magic
 * Level 8.3 Evocations


You had 9 spell levels left.
You knew the following spells:

 Your Spells              Type           Power      Damage    Failure   Level
a - Shock                 Conj/Air       100%       1d9       0%          1
b - Static Discharge      Conj/Air       100%       2-7/arc   1%          2
c - Swiftness             Air            95%        N/A       1%          3
d - Airstrike             Air            47%        2d(7-23)  1%          4
e - Mephitic Cloud        Conj/Pois/Air  80%        N/A       1%          3
f - Ignite Poison         Fire/Tmut/Pois 45%        N/A       1%          3
g - Stone Arrow           Conj/Erth      82%        3d12      1%          3
h - Flame Wave            Conj/Fire      62%        2d14      1%          4
i - Fireball              Conj/Fire      31%        3d13      1%          5
j - Plasma Beam           Fire/Air       44%        2x1d64    1%          6

Your spell library contained the following spells:

 Spells                   Type           Power      Damage    Failure   Level
 Arcjolt                  Conj/Air       43%        1d53      1%          5
 Dazzling Flash           Conj/Hex       82%        N/A       1%          3
 Inner Flame              Hex/Fire       44%        N/A       1%          3
 Summon Lightning Spire   Summ/Air       70%        N/A       1%          4
 Iskenderun's Battlesphe  Conj           60%        2d11      1%          5
 Conjure Ball Lightning   Conj/Air       43%        3x3d15    1%          6
 Frozen Ramparts          Ice            34%        1d6       2%          3
 Spider Form              Tmut/Pois      32%        N/A       2%          3
 Slow                     Hex            68%        N/A       3%          1
 Silence                  Hex/Air        35%        N/A       3%          5
 Ensorcelled Hibernation  Hex/Ice        34%        N/A       4%          2
 Confusing Touch          Hex            17%        N/A       10%         3
 Portal Projectile        Hex/Tloc       34%        N/A       10%         3
 Tukima's Dance           Hex            17%        N/A       10%         3
 Vampiric Draining        Necr           17%        2d7       10%         3
 Orb of Destruction       Conj           30%        9d10      13%         7
 Iron Shot                Conj/Erth      20%        9d5       17%         6
 Yara's Violent Unravell  Hex/Tmut       8%         3d5       22%         5
 Anguish                  Hex/Necr       8%         N/A       32%         4
 Animate Armour           Summ/Erth      34%        N/A       32%         4
 Cause Fear               Hex            8%         N/A       32%         4
 Ice Form                 Ice/Tmut       17%        N/A       32%         4
 Summon Ice Beast         Ice/Summ       17%        N/A       32%         4
 Agony                    Necr           17%        N/A       65%         5
 Blade Hands              Tmut           8%         N/A       65%         5
 Dragon Form              Tmut           8%         N/A       100%        7
 Enfeeble                 Hex            8%         N/A       100%        7
 Dragon's Call            Summ           8%         N/A       100%        9


Dungeon Overview and Level Annotations

Branches:
Dungeon (15/15)            Temple (1/1) D:7            Lair (5/5) D:10
  Swamp (0/4) Lair:2       Spider (0/4) Lair:3        Slime (0/5) Lair:4
    Orc (2/2) D:12            Elf (0/3) Orc:2        Vaults (0/5) D:13
 Depths (0/4) D:15         Bailey (visited)         Gauntlet (1/1)

Altars:
Ashenzari
Cheibriados
Dithmenos
Elyvilon
Fedhas
Gozag
Hepliaklqana
Makhleb
Qazlal
Ru
Sif Muna
Trog
Uskayaw
Vehumet
Xom
Zin
The Shining One
Jiyva

Shops:
D:2 =   D:5 :   D:7 (   D:9 *   Orc:2 ====

Annotations:
D:10 2 transporters, exclusion: ice dragon, RascalDebosk's ghost, journeyman DjSu
Orc:2 2 transporters, SERVANTOFGOD's ghost, adept FoFi Gauntlet 9 transporters, 21 runed translucent doors


Message History

Confirm with . or Enter, or press ? or * to list all spells.
Casting: Plasma Beam (dangerous; 1% risk of failure)
Press: ? - help, Dir - look around, f - activate You feel a surge of power!
The bolt of lightning misses the death drake.
The fiery plasma hits the death drake!!
The death drake is severely wounded.
The death drake breathes miasma at you. The foul vapour engulfs you!
You are poisoned.
The death drake breathes miasma at you. The foul vapour engulfs you!
You are more poisoned.
Casting: Plasma Beam (dangerous; 1% risk of failure)
Confirm with . or Enter, or press ? or * to list all spells.
Casting: Plasma Beam (dangerous; 1% risk of failure)
Press: ? - help, Dir - look around, f - activate You feel a surge of power!
The bolt of lightning hits the death drake!
The death drake is almost dead.
The fiery plasma misses the death drake.
You are engulfed in dark miasma.
You are lethally poisoned!
You feel extremely sick.
The death drake bites you but does no damage.
Casting: Plasma Beam (dangerous; 1% risk of failure)
Confirm with . or Enter, or press ? or * to list all spells.
Casting: Plasma Beam (dangerous; 1% risk of failure)
Press: ? - help, Dir - look around, f - activate You feel a surge of power!
The bolt of lightning misses the death drake.
The fiery plasma hits the death drake!!!
You kill the death drake!
Vehumet accepts your kill.
You feel your power returning.
You are engulfed in dark miasma.
You are more poisoned.
You feel yourself slow down.
* * * LOW HITPOINT WARNING * * *
You feel extremely sick.
Okay, then.
You die...

########...###########..###
[.©.$..#...#..)[©?[..#..#8#
.......#...#..##.##..#..###
.......#...#.#..#..#.#..#
.......#...#.#..#..#.#..###
..©....#...#..#####..#..#8#
.......#...#.#†©#..#.#..###
.......#...#.#.○#..#.#..#
...YYw.#...#..##@##..#..###
...YYYY#...#.........#..#8#
########...###########..###
.........§§§..#.©.#.....#
........≈8§§..#...#.8...###
.........§§§..#.©.#.....#8#
########...###########..###
."©:...#...#...(©[...#..#
#...##.#...#.#.#.#.#.#..###


There were no monsters in sight!

Vanquished Creatures
  Harold (D:10)
  A great orb of eyes (Gauntlet)
  8 hydras
  Erolcha (D:13)
  2 catoblepae (Lair:5)
  6 two-headed ogres
  3 boulder beetles
  An ogre mage (D:13)
  Erica (D:10)
  A jorogumo (shapeshifter) (D:13)
  5 centaur warriors
  3 tengu warriors
  8 death yaks
  Urug (Lair:5)
  3 orc high priests (Orc:2)
  Sonja (Lair:5)
  A deep elf knight (D:13)
  A death drake (Gauntlet)
  3 skeletal warriors
  A death drake (shapeshifter) (D:13)
  4 lindwurms (Lair:5)
  9 orc knights
  A golden dragon zombie (D:15)
  A wizard (D:14)
  A necromancer (D:15)
  A deep elf zephyrmancer (D:13)
  A tengu skeleton (D:15)
  A frost giant zombie (D:15)
  3 manticores
  3 deep elf pyromancers (D:13)
  4 orc sorcerers (Orc:2)
  3 ugly things
  5 cyclopes
  5 elephants (Lair:4)
  A spectral centaur (Gauntlet)
  Joseph (D:7)
  7 black mambas
  10 cane toads
  9 torpor snails
  4 centaur skeletons (D:13)
  7 komodo dragons
  4 rime drakes
  4 yaktaurs (D:13)
  A komodo dragon (shapeshifter) (D:12)
  3 kobold demonologists
  2 ice devils (Lair:4)
  7 trolls
  2 efreet
  2 tengu conjurers (D:14)
  A polar bear (Lair:5)
  A meliai (Lair:3)
  3 tyrant leeches (Lair:5)
  7 hornets (Lair:5)
  Grinder (D:4)
  11 blink frogs
  7 dream sheep
  A snapping turtle (shapeshifter) (D:8)
  8 slime creatures
  2 vampires
  7 wyverns
  3 shadows
  4 wraiths
  61 yaks
  7 vampire mosquitoes
  4 basilisks
  3 wargs
  3 steam dragons
  An acid dragon (D:8)
  11 water moccasins
  A glowing shapeshifter skeleton (D:15)
  2 sky beasts
  33 orc warriors
  6 black bears
  5 ogres
  16 wolves
  9 centaurs (D:13)
  A phantom (D:4)
  A gnoll sergeant (D:11)
  7 kobold brigands
  Blork the orc (D:6)
  21 bullfrogs
  3 scorpions
  A wight (D:8)
  17 killer bees
  9 howler monkeys
  3 electric eels
  4 hounds
  19 orc priests
  2 gnoll boudas (D:8)
  5 iguanas
  A sleepcap (D:7)
  Crazy Yiuf (D:6)
  Natasha (thrice) (D:2)
  A boggart zombie (Gauntlet)
  19 orc wizards
  8 gnolls
  8 adders
  3 white imps
  2 ufetubi
  2 worms
  6 dart slugs
  87 orcs
  8 endoplasms
  4 giant cockroaches
  10 goblins
  7 hobgoblins
  9 jackals
  20 kobolds
  2 quokkas (D:3)
  8 ball pythons
  8 bats
  3 frilled lizards
  8 rats
698 creatures vanquished.

Vanquished Creatures (others)
  A yak (D:8)
  An orc wizard (Orc:2)
2 creatures vanquished.

Grand Total: 700 creatures vanquished

Notes
Turn   | Place    | Note
-------+----------+-------------------------------------------
     0 | D:1      | LustLizard the Deep Elf Air Elementalist began the quest
                  | for the Orb.
     0 | D:1      | Reached XP level 1. HP: 10/10 MP: 6/6
   294 | D:1      | Reached XP level 2. HP: 15/15 MP: 6/8
   885 | D:2      | Reached XP level 3. HP: 20/20 MP: 6/9
  1176 | D:2      | Found a blossoming altar of Fedhas.
  1367 | D:2      | Found Taics's Jewellery Shoppe.
  1511 | D:2      | Noticed Natasha
  1734 | D:3      | Reached skill level 1 in Fighting
  1950 | D:3      | Found a glowing silver altar of Zin.
  2128 | D:3      | Found a sacrificial altar of Ru.
  2238 | D:3      | Reached XP level 4. HP: 25/25 MP: 4/11
  2351 | D:3      | Learned a level 2 spell: Static Discharge
  2355 | D:3      | Learned a level 3 spell: Swiftness
  2952 | D:3      | Found a hazy altar of Hepliaklqana.
  3245 | D:2      | Found a faded altar of an unknown god.
  3247 | D:2      | Reached skill level 4 in Air Magic
  3249 | D:2      | HP: 1/25 [cerulean imp/+2 spear[Natasha] (4)]
  3251 | D:2      | Killed Natasha
  3257 | D:2      | Noticed Natasha
  3433 | D:2      | Killed Natasha
  3434 | D:2      | Reached XP level 5. HP: 27/29 MP: 3/12
  3543 | D:2      | Noticed Natasha
  3549 | D:2      | Killed Natasha
  3872 | D:4      | Identified the +9 falchion of Urul {freeze, *Noise +Blink
                  | rPois}
  3951 | D:4      | Reached XP level 6. HP: 26/35 MP: 4/14
  4109 | D:4      | Found a white marble altar of Elyvilon.
  4381 | D:4      | Reached skill level 5 in Air Magic
  4544 | D:4      | Noticed Grinder
  4553 | D:4      | Paralysed by Grinder for 2 turns
  4555 | D:4      | Killed Grinder
  4556 | D:4      | Reached skill level 5 in Stealth
  4556 | D:4      | Reached skill level 5 in Spellcasting
  4556 | D:4      | Reached XP level 7. HP: 18/40 MP: 8/16
  4771 | D:4      | Found a stormy altar of Qazlal.
  5011 | D:5      | Entered Level 5 of the Dungeon
  5011 | D:5      | Noticed a yak
  5011 | D:5      | Noticed a yak
  5011 | D:5      | Noticed a yak
  5152 | D:5      | Learned a level 4 spell: Airstrike
  5317 | D:5      | Found Ushryom's Book Boutique.
  5628 | D:5      | Reached skill level 6 in Air Magic
  6475 | D:6      | Reached XP level 8. HP: 45/45 MP: 7/18
  6992 | D:6      | Found a blossoming altar of Fedhas.
  7285 | D:6      | Noticed Blork the orc
  7288 | D:6      | Killed Blork the orc
  7289 | D:6      | Reached skill level 7 in Air Magic
  7458 | D:6      | Found a glowing golden altar of the Shining One.
  7557 | D:6      | Found a runed translucent door.
  7558 | D:6      | Noticed Crazy Yiuf
  7702 | D:6      | Killed Crazy Yiuf
  7855 | D:7      | Reached skill level 5 in Conjurations
  8127 | D:7      | Found a staircase to the Ecumenical Temple.
  8137 | Temple   | Entered the Ecumenical Temple
  8157 | Temple   | Became a worshipper of Vehumet
  8356 | D:7      | Found Kilat's Weapon Emporium.
  8380 | D:7      | Noticed Joseph
  8385 | D:7      | Killed Joseph
  8386 | D:7      | Reached skill level 8 in Air Magic
  8386 | D:7      | Reached XP level 9. HP: 40/52 MP: 0/22
  9467 | D:8      | Found a flagged portal.
  9504 | Bailey   | Entered a bailey
  9783 | Bailey   | Reached * piety under Vehumet
  9783 | Bailey   | Offered knowledge of Freeze by Vehumet.
  9784 | Bailey   | Reached skill level 9 in Air Magic
  9894 | Bailey   | Noticed an orc knight
  9943 | Bailey   | Killed an orc knight
  9944 | Bailey   | Reached skill level 5 in Fighting
 10091 | Bailey   | Reached XP level 10. HP: 59/59 MP: 19/24
 11212 | D:8      | Reached skill level 10 in Air Magic
 11615 | D:8      | HP: 2/59 [something (8)]
 12011 | D:8      | Reached ** piety under Vehumet
 12199 | D:8      | Offered knowledge of Scorch by Vehumet.
 12577 | D:8      | Noticed a two-headed ogre
 12581 | D:8      | Killed a two-headed ogre
 12721 | D:2      | Bought the amulet of Qoom {Acrobat Regen+ Dex+4} for 544
                  | gold pieces
 12860 | D:8      | Reached skill level 10 in Spellcasting
 13136 | D:8      | Reached skill level 11 in Air Magic
 13401 | D:9      | Found a shimmering blue altar of Sif Muna.
 13452 | D:9      | Reached XP level 11. HP: 64/64 MP: 22/27
 13839 | D:9      | Found Meat's Assorted Antiques.
 13847 | D:9      | Bought a glowing cyan potion for 18 gold pieces
 13847 | D:9      | Bought 2 pink potions for 37 gold pieces
 14052 | D:9      | Found a shimmering altar of Xom.
 14279 | D:10     | Entered Level 10 of the Dungeon
 14910 | D:10     | Noticed an ice dragon
 14963 | D:10     | Found a transporter.
 15031 | D:10     | Found a transporter.
 15036 | D:10     | Noticed RascalDebosk's ghost (journeyman DjSu)
 15043 | D:10     | Noticed a two-headed ogre
 15049 | D:10     | Killed a two-headed ogre
 15110 | D:10     | Noticed Erica
 15118 | D:10     | Noticed a two-headed ogre
 15427 | D:10     | Found a staircase to the Lair.
 15459 | D:10     | Offered knowledge of Mephitic Cloud by Vehumet.
 15468 | D:10     | Noticed Harold
 15472 | D:10     | Learned a level 3 spell: Mephitic Cloud
 15492 | D:10     | Killed Harold
 15657 | D:10     | Killed Erica
 15658 | D:10     | Reached skill level 12 in Air Magic
 16247 | D:11     | Reached skill level 1 in Poison Magic
 16292 | D:11     | Reached *** piety under Vehumet
 16425 | D:10     | Killed a two-headed ogre
 16621 | D:11     | Noticed a two-headed ogre
 16625 | D:11     | Killed a two-headed ogre
 17466 | D:11     | Offered knowledge of Ignite Poison by Vehumet.
 17471 | D:11     | Reached XP level 12. HP: 67/72 MP: 12/29
 17478 | D:11     | Learned a level 3 spell: Ignite Poison
 17751 | D:11     | You fall into a shaft and drop 3 floors!
 17780 | D:14     | Found a hide-covered altar of Uskayaw.
 17813 | D:14     | Noticed a centaur warrior
 18120 | D:12     | Reached skill level 1 in Fire Magic
 18360 | D:12     | Found a staircase to the Orcish Mines.
 18566 | D:11     | Noticed a two-headed ogre
 18652 | D:11     | Killed a two-headed ogre
 18689 | D:12     | Noticed a boulder beetle
 18695 | D:12     | Killed a boulder beetle
 18710 | D:12     | Noticed a boulder beetle
 18935 | D:12     | Killed a boulder beetle
 19166 | D:12     | Reached skill level 13 in Air Magic
 19407 | D:12     | Reached skill level 5 in Dodging
 19875 | D:13     | Noticed a two-headed ogre
 19876 | D:13     | Noticed Erolcha
 19879 | D:13     | Killed a two-headed ogre
 19958 | Lair:1   | Entered Level 1 of the Lair of Beasts
 20153 | Lair:1   | Reached **** piety under Vehumet
 20226 | Lair:1   | Offered knowledge of Stone Arrow by Vehumet.
 20513 | Lair:1   | Reached skill level 5 in Fire Magic
 21558 | Lair:1   | Learned a level 3 spell: Stone Arrow
 21690 | Lair:2   | Reached XP level 13. HP: 71/78 MP: 4/31
 21935 | Lair:2   | Identified the +12 short sword of Conscience {spect,
                  | *Corrode rC+ SInv}
 22445 | Lair:2   | Reached skill level 5 in Poison Magic
 22723 | Lair:2   | Found a staircase to the Swamp.
 24262 | Lair:3   | Reached skill level 14 in Air Magic
 25044 | Lair:3   | Found a hole to the Spider Nest.
 26342 | Lair:4   | Reached ***** piety under Vehumet
 26627 | Lair:4   | Offered knowledge of Flame Wave by Vehumet.
 26699 | Lair:4   | Learned a level 4 spell: Flame Wave
 26892 | Lair:4   | Reached skill level 1 in Evocations
 27483 | Lair:4   | Found a viscous altar of Jiyva.
 27483 | Lair:4   | Found a staircase to the Slime Pits.
 27538 | Lair:4   | Reached XP level 14. HP: 84/84 MP: 31/33
 27881 | Lair:5   | Entered Level 5 of the Lair of Beasts
 29030 | Lair:5   | Noticed Urug
 29287 | Lair:5   | Killed Urug
 29973 | Lair:5   | Learned a level 5 spell: Fireball
 30194 | Lair:5   | Noticed Sonja
 30198 | Lair:5   | Killed Sonja
 30756 | Lair:5   | Reached skill level 5 in Evocations
 30999 | Lair:5   | HP: 4/84 [manticore (9)]
 31103 | Lair:5   | Found a runed translucent door.
 31119 | Lair:5   | Offered knowledge of Plasma Beam by Vehumet.
 31127 | Lair:5   | Learned a level 6 spell: Plasma Beam
 32070 | Orc:1    | Entered Level 1 of the Orcish Mines
 32105 | Orc:1    | Reached skill level 15 in Air Magic
 32359 | Orc:2    | Entered Level 2 of the Orcish Mines
 32457 | Orc:2    | Found a transporter.
 32633 | Orc:2    | Noticed SERVANTOFGOD's ghost (adept FoFi)
 32731 | Orc:2    | Found a transporter.
 32758 | Orc:2    | Found a staircase to the Elven Halls.
 34428 | Orc:2    | Reached skill level 1 in Staves
 34505 | Orc:2    | Found Lischemon's Jewellery Shoppe.
 34505 | Orc:2    | Found Votiri's Jewellery Boutique.
 34507 | Orc:2    | Found Xaurr's Jewellery Boutique.
 34507 | Orc:2    | Found Miduu's Jewellery Shoppe.
 35011 | Orc:1    | Reached XP level 15. HP: 90/90 MP: 26/35
 35303 | Orc:2    | Bought the ring of Nicos {AC+4 Dex+5 Stlth+} for 788 gold
                  | pieces
 35310 | Orc:2    | Bought the ring of Soalis {MP+9 EV+5} for 804 gold pieces
 35393 | D:13     | Killed Erolcha
 35556 | D:13     | Offered knowledge of Starburst by Vehumet.
 35559 | D:13     | Reached skill level 10 in Fire Magic
 37027 | D:13     | Found a gate to the Vaults.
 38350 | D:15     | Entered Level 15 of the Dungeon
 38473 | D:15     | Reached skill level 1 in Shields
 38611 | D:15     | Found a staircase to the Depths.
 38631 | D:15     | Found a gate leading to a gauntlet.
 38634 | D:15     | Offered knowledge of Arcjolt by Vehumet.
 38646 | Gauntlet | Entered a Gauntlet
 38646 | Gauntlet | Found the +7 great mace "Firestarter" {flame, immolate,
                  | rFlCloud rF++}
 38646 | Gauntlet | Found a transporter.
 38646 | Gauntlet | Found a transporter.
 38646 | Gauntlet | Found a transporter.
 38739 | Gauntlet | Found a transporter.
 38742 | Gauntlet | Found a transporter.
 38752 | Gauntlet | Found a transporter.
 38752 | Gauntlet | Found the +2 pair of slick slippers {slick, slippery, EV+4}
 38819 | Gauntlet | Found a transporter.
 38829 | Gauntlet | Found a transporter.
 38844 | Gauntlet | Found a transporter.
 38846 | Gauntlet | Found a large runed translucent door.
 38847 | Gauntlet | Found a large runed translucent door.
 38848 | Gauntlet | Found a large runed translucent door.
 38848 | Gauntlet | Found a large runed translucent door.
 38848 | Gauntlet | Found a runed translucent door.
 38848 | Gauntlet | Found a runed translucent door.
 38849 | Gauntlet | Found a large runed translucent door.
 38850 | Gauntlet | Found a large runed translucent door.
 38851 | Gauntlet | Found a large runed translucent door.
 38851 | Gauntlet | Found a large runed translucent door.
 38852 | Gauntlet | Found a runed translucent gate.
 38852 | Gauntlet | Found a runed translucent gate.
 38852 | Gauntlet | Found a runed translucent gate.
 38854 | Gauntlet | Found a transporter.
 38863 | Gauntlet | Found a large runed translucent door.
 38863 | Gauntlet | Found a large runed translucent door.
 38864 | Gauntlet | Found a large runed translucent door.
 38865 | Gauntlet | Found a large runed translucent door.
 38869 | Gauntlet | Found a transporter.
 38875 | Gauntlet | Found a transporter.
 38907 | Gauntlet | Found a large runed translucent door.
 38908 | Gauntlet | Found a large runed translucent door.
 38909 | Gauntlet | Found a large runed translucent door.
 38909 | Gauntlet | Found a large runed translucent door.
 39233 | Gauntlet | Succumbed to poison (dark miasma)

Illustrated notes

Levels and vault maps discovered:
D:1:      amcnicky_arrival_feature_with_door, layout_basic, serial_glass,
          glass_columns_c, glass_columns_a
D:2:      layout_loops_ring, basic_altar, serial_shops,
          nicolae_shop_pleasant_corner_grove,
          hellmonk_ecumenical_altar_inner_sanctum, uniq_natasha
D:3:      minmay_razor_zed, layout_basic, mainiacjoe_overflow_brackets,
          mainiacjoe_overflow_swirl, minmay_randomly_rotated_circles
D:4:      layout_loops_ring, kennysheep_little_box, elyvilon_altar_5,
          uniq_grinder
D:5:      layout_basic, serial_shops, shop, minmay_liquid_box,
          hangedman_decor_opposing
D:6:      layout_basic, tso_oasis_becter, fedhas_altar_fruit_tree,
          serial_bayou_ford_a, uniq_crazy_yiuf_cottage, uniq_blork_the_orc
D:7:      layout_basic, minmay_temple_entry_mini_moons, serial_shops, shop,
          uniq_joseph
D:8:      minmay_bloctagon, layout_loops_cross, enter_bailey_3
D:9:      layout_cave_pools, nicolae_sif_muna_condensation,
          mainiacjoe_overflow_small_starburst, serial_shops,
          nicolae_shop_hallway_plus, roderic_roman_lattice, chequers_jeans
D:10:     dragon1_lemuel, layout_small_grid, lair_entry_dummy,
          gammafunk_ghost_stat_death, uniq_harold, uniq_erica
D:11:     layout_stronghold, patterned_corridor
D:12:     layout_cross, orc_0_dummy, minmay_orc_keep
D:13:     layout_loops_ring, hangedman_vaults_entry_quadrant_bands,
          uniq_erolcha, uniq_nessos
D:14:     layout_cave_pools, nicolae_uskayaw_murder_on_the_dancefloor,
          serial_glass, glass_columns_c, glass_columns_c
D:15:     gammafunk_depths_entry_grave, layout_long_grid, gauntlet_entry_generic
Temple:   nicolae_temple_god_jail
Lair:1:   layout_regular_city, beast_lair_carwin_8, grunt_megastairs_5
Lair:2:   layout_regular_city, swamp_mist, chequers_serial_rivers_large_a,
          grunt_megastairs_1
Lair:3:   layout_cellular_growth, hellmonk_spider_entry_not_the_bees,
          serial_bayou, serial_bayou_pond_b, serial_bayou_lagoon_a,
          serial_bayou_crossing, serial_bayou_shore_a
Lair:4:   layout_loops_ring, dpeg_slime_entry_corner,
          portal_ice_cave_demonic_guard, serial_bayou_pond_e,
          grunt_megastairs_4, serial_bayou_shore_b, infiniplex_staircase_pool
Lair:5:   wormcave, layout_long_grid, hangedman_lair_in_review, uniq_urug,
          uniq_sonja
Orc:1:    layout_caves
Orc:2:    grunt_orc_tribal_feast, layout_caves, gammafunk_ghost_arena,
          library_closet
Gauntlet: gammafunk_gauntlet_shortcut [gammafunk_gauntlet_arena_grid,
          nicolae_gauntlet_arena_quarters, gammafunk_gauntlet_arena_corners,
          gammafunk_gauntlet_arena_split_diamond,
          minmay_gauntlet_arena_make_your_own_arena,
          gammafunk_gauntlet_arena_open, nicolae_gauntlet_exit_dead_adventurers]

Skill      XL: |  1  2  3  4  5  6  7  8  9 10 11 12 13 14 15 |
---------------+----------------------------------------------+-----
Stealth        | 3 4 5 |  5.0
Fighting       | 1 2 4 5 6 7 8 9 |  9.6
Conjurations   | 2 3 4 5 6 8 9 |  9.9
Air Magic      | 4 5 6 8 9 11 12 13 14 15 | 15.4
Spellcasting   | 4 5 7 8 10 11 12 13 14 | 14.7
Poison Magic   | 2 4 6 |  6.1
Dodging        | 3 5 7 8 9 |  9.7
Fire Magic     | 5 8 9 11 | 11.1
Evocations     | 2 6 8 |  8.3
Staves         | 1 3 |  3.3
Shields        | 2 |  2.3

Action                     |  1- 3 |  4- 6 |  7- 9 | 10-12 | 13-15 || total
---------------------------+-------+-------+-------+-------+-------++-------
  Melee: Unarmed           |    11 |       |       |       |       ||    11
         Short sword       |       |    14 |     2 |       |       ||    16
         Staff             |       |       |     4 |    63 |   102 ||   169
         Punch             |       |       |       |     1 |     4 ||     5
  Throw: Throwing net      |       |       |       |       |     2 ||     2
   Cast: Shock             |    89 |   118 |   163 |   149 |   127 ||   646
         Static Discharge  |       |     9 |    11 |       |       ||    20
         Airstrike         |       |       |    57 |   348 |   601 ||  1006
         Swiftness         |       |       |       |     1 |     2 ||     3
         Mephitic Cloud    |       |       |       |     1 |     1 ||     2
         Ignite Poison     |       |       |       |     1 |       ||     1
         Plasma Beam       |       |       |       |       |    88 ||    88
         Flame Wave        |       |       |       |       |     1 ||     1
         Fireball          |       |       |       |       |     1 ||     1
  Evoke: Wand              |       |       |     3 |    11 |     3 ||    17
    Use: Scroll            |     5 |     3 |     4 |    11 |     9 ||    32
         Potion            |       |       |       |     7 |     1 ||     8
 Armour: Robe              |     4 |    20 |     5 |    70 |    67 ||   166
  Dodge: Dodged            |    13 |    22 |    25 |   228 |   424 ||   712
